Map: 宿怨战场-天梯版

Players

SortOf - Winner!

  • Race: Zerg Zerg

RAIL

  • Race: Protoss Protoss

Event: WESG 2018 Grand Finals

VOD

Have the link to the VOD?

Description

Time

  • Played on: March 12, 2019, 3:46 a.m.
  • Length: 6:07

All games in this series

Show
View Real Time Build Order
Export as new Build Order

SortOf Zerg - Winner!

Build Orders: Hatch First 

Get SALT Encoding   

  12  0:00  Drone  
  13  0:12  Overlord  
  13  0:17  Drone  
  14  0:30  Drone x2  
  16  0:48  Hatchery  
  15  0:52  Drone  
  15  0:55  Drone  
  17  0:59  Drone  
  18  1:06  Drone  
  19  1:15  Spawning Pool  
  19  1:17  Extractor  
  17  1:20  Drone  
  18  1:27  Drone  
  19  1:47  Drone, Hatchery  
  20  1:53  Drone  
  20  2:02  Queen, Zergling x2  
  20  2:08  Overlord  
  23  2:12  Drone  
  24  2:16  Drone  
  24  2:22  Drone x2  
  27  2:28  Queen  
  29  2:33  Drone  
  29  2:34  Drone  
  31  2:41  Queen  
  33  2:46  Overlord  
  33  2:48  Drone  
  34  2:56  Drone x2  
  36  3:03  Drone  
  36  3:05  Drone x2  
  38  3:08  Queen  
  38  3:12  Metabolic Boost  
  40  3:16  Drone x3  
  43  3:20  Queen  
  43  3:23  Drone  
  46  3:28  Roach Warren  
  46  3:30  Drone  
  46  3:33  Drone x2  
  48  3:38  Overlord  
  48  3:39  Drone x2  
  50  3:43  Extractor  
  50  3:44  Extractor  
  50  3:47  Drone x2  
  50  3:49  Overlord  
  50  3:53  Overlord  
  50  4:06  Overlord  
  50  4:08  Roach, Drone  
  50  4:09  Roach x2  
  57  4:12  Roach x3  
  63  4:20  Overlord  
  63  4:23  Roach  
  65  4:27  Zergling x6  
  65  4:29  Drone  
  65  4:30  Drone  
  70  4:33  Overlord  
  70  4:37  Roach x2  
  74  4:40  Zergling x4  
  76  4:46  Overlord  
  76  4:47  Roach  
  78  4:54  Roach  
  78  4:55  Roach x2  
  84  5:02  Overlord  
  84  5:04  Roach x3  
  84  5:06  Ravager x2  
  92  5:09  Roach x2  
  92  5:10  Roach  
  98  5:14  Overlord  
  98  5:22  Roach x4, Zergling x2  
  102  5:31  Roach x3  
  100  5:38  Roach x2  
  90  5:44  Roach, Zergling x4  
  90  5:46  Drone  
  93  5:50  Drone  
Show
View Real Time Build Order
Export as new Build Order

RAIL Protoss 

Build Orders: 1 Gate Expand 

Get SALT Encoding   

  12  0:00  Probe  
  13  0:12  Probe  
  14  0:18  Pylon  
  14  0:24  Probe  
  15  0:32  Probe  
  15  0:40  Probe, Gateway  
  16  0:46  Assimilator  
  17  0:51  Probe  
  18  1:03  Probe  
  19  1:15  Probe  
  20  1:24  Nexus  
  20  1:34  Cybernetics Core  
  20  1:36  Probe  
  21  1:42  Assimilator  
  21  1:48  Probe  
  21  1:52  Pylon  
  22  2:00  Probe  
  23  2:08  Probe  
  23  2:10  Stalker  
  26  2:16  Probe, Robotics Facility  
  27  2:24  Warp Gate  
  27  2:27  Probe  
  28  2:33  Probe  
  28  2:35  Probe  
  29  2:41  Probe  
  29  2:43  Probe  
  30  2:47  Twilight Council  
  30  2:51  Probe  
  32  2:53  Probe  
  32  2:54  Warp Prism  
  34  3:03  Probe  
  37  3:08  Adept  
  40  3:15  Probe  
  40  3:19  Charge  
  40  3:20  Gateway  
  40  3:22  Immortal  
  44  3:36  Pylon  
  45  3:48  Gateway  
  45  3:53  Immortal  
  44  4:02  Gateway  
  48  4:07  Gateway  
  48  4:18  Gateway  
  48  4:20  Zealot x2  
  48  4:22  Gateway  
  48  4:23  Pylon  
  52  4:38  Pylon  
  52  4:40  Pylon  
  52  4:42  Zealot x3  
  58  4:53  Pylon  
  58  4:56  Zealot, Pylon  
  60  5:06  Zealot x2  
  60  5:07  Zealot x2  
  66  5:12  Zealot  
  66  5:31  Zealot x6  
  54  5:46  Probe  
  54  5:47  Probe  
  54  5:48  Assimilator  
  50  5:50  Assimilator  
Tags
 
Add a new tag
Caveats
  • Supply blocks, unpowered buildings, or Contaminate may cause inaccurate times.
  • Supply counts are checked every 10 seconds.